 Dungeon Crawl Stone Soup version 0.17.1-2-g5865329 (webtiles) character file.

273 xeno23 the Charmwright (level 6, -5/42 HPs)
             Began as a High Elf Skald on Jan 31, 2016.
             Slain by an ogre
             ... wielding a +0 giant spiked club
              (10 damage)
             ... on level 5 of the Dungeon.
             The game lasted 00:12:50 (3404 turns).

xeno23 the Charmwright (High Elf Skald)             Turns: 3404, Time: 00:12:50

Health: -5/42      AC:  5    Str: 13    XL:     6   Next: 2%
Magic:  11/11      EV:  6    Int: 15    God:
Gold:   158        SH:  0    Dex: 16    Spells: 3 memorised, 5 levels left

rFire  . . .     SeeInvis .     a - +0 falchion
rCold  . . .     Clarity  .     l - +0 ring mail
rNeg   . . .     SustAt   .     (no shield)
rPois  .         Gourm    .     (no helmet)
rElec  .         Spirit   .     (no cloak)
rCorr  .         Warding  .     (no gloves)
rMut   .         Stasis   +     (no boots)
MR     .....                    i - amulet of stasis
Stlth  +.........               (no ring)
                                (no ring)

@: not resistant to hostile enchantments, very unstealthy
A: no striking features
a: no special abilities


You were on level 5 of the Dungeon.
You were near starving.

You visited 1 branch of the dungeon, and saw 5 of its levels.

You collected 158 gold pieces.

Inventory:

Hand Weapons
 a - a +0 falchion (weapon)
 r - a +0 blowgun
Missiles
 t - 38 poisoned needles
Armour
 l - a +0 ring mail (worn)
Jewellery
 i - an amulet of stasis (around neck)
Wands
 w - a wand of slowing (25)
Scrolls
 h - 4 scrolls of identify {unknown}
 k - 3 scrolls of remove curse {unknown}
 m - a scroll of teleportation {unknown}
 n - 2 scrolls of enchant armour {unknown}
 o - 2 scrolls of magic mapping {unknown}
 u - a scroll of enchant weapon {unknown}
Potions
 e - 2 potions of curing {unknown}
 j - a potion of flight {unknown}
 p - 2 potions of agility {unknown}
 q - 2 potions of cure mutation {unknown}
 s - a potion of brilliance {unknown}
 v - a potion of invisibility {unknown}
Books
 c - a book of Battle

   Spells                             Type                      Level
   a - Infusion                       Charms                       1
   b - Shroud of Golubria             Charms/Translocation         2
   c - Song of Slaying                Charms                       2
   d - Spectral Weapon                Hexes/Charms                 3
   e - Regeneration                   Charms/Necromancy            3
Comestibles
 b - a royal jelly
 d - 6 bread rations
 f - 4 fruits
 g - 2 meat rations


   Skills:
 * Level 3.2 Fighting
 * Level 4.4 Long Blades
 + Level 1.3 Armour
 + Level 2.5 Dodging
 + Level 3.2 Spellcasting
 + Level 1.1 Hexes
 + Level 4.8 Charms


You had 5 spell levels left.
You knew the following spells:

 Your Spells              Type           Power        Failure   Level  Hunger
a - Infusion              Chrm           ###...       8%          1    #......
d - Shroud of Golubria    Chrm/Tloc      #.........   24%         2    ##.....
s - Spectral Weapon       Hex/Chrm       ##......     38%         3    ###....


Dungeon Overview and Level Annotations

Branches:
Dungeon (5/15)
 Temple: D:4-7

Altars:

Annotations:
D:4 Dowan; Duvessa; conein's ghost, novice HuFi


Message History

You miss the giant gecko.
The giant gecko bites you but does no damage.
The ogre closely misses you.
You hit the giant gecko.
The giant gecko is moderately wounded.
The giant gecko misses you.
The ogre hits you with a giant spiked club!
The giant gecko bites you.
You take 10 damage.
You slash the giant gecko!
You kill the giant gecko!
You see here a giant gecko corpse.
The ogre hits you with a giant spiked club!
* * * LOW HITPOINT WARNING * * *
You take 16 damage.
Found a scroll labeled VAWYOJIFYMA.
You see here a giant gecko corpse.
There is a stone staircase leading down here.
The ogre hits you with a giant spiked club!
You die...

#.#.# #.#"# ## #.#.#
#. #.#.# #. #.#.# #.
#.#.# #.
##########.#.####.
#@O..O†.......<...
#.########.#.####. #.#
#.#....O.
#####.########.#######
#.......#.............
#......O#.............
#.......#.............
+.....................
#.......#.............


You could see 2 ogres.

Vanquished Creatures
  2 orc wizards (D:3)
  An orc priest (D:3)
  A giant frog skeleton (D:4)
  6 adders
  3 gnolls (D:2)
  6 orcs (D:3)
  A ball python (D:1)
  7 giant cockroaches
  9 goblins
  9 hobgoblins
  4 bats
  5 giant geckos
  3 giant newts
  7 kobolds
  2 quokkas
  6 rats
72 creatures vanquished.

Vanquished Creatures (others)
  2 fungi (D:4)
  A spectral weapon (D:4)
3 creatures vanquished.

Grand Total: 75 creatures vanquished

Notes
Turn   | Place    | Note
--------------------------------------------------------------
     0 | D:1      | xeno23 the High Elf Skald began the quest for the Orb.
     0 | D:1      | Reached XP level 1. HP: 14/14 MP: 4/4
   147 | D:1      | Reached XP level 2. HP: 14/19 MP: 1/6
   154 | D:1      | Learned a level 2 spell: Shroud of Golubria
   241 | D:1      | Reached skill level 4 in Charms
   621 | D:2      | Reached XP level 3. HP: 23/25 MP: 0/7
   629 | D:2      | Learned a level 3 spell: Spectral Weapon
  1110 | D:2      | Reached skill level 1 in Armour
  1147 | D:2      | Reached XP level 4. HP: 9/30 MP: 3/9
  2380 | D:3      | Reached XP level 5. HP: 26/36 MP: 4/10
  2716 | D:3      | Reached skill level 1 in Hexes
  3046 | D:4      | Reached XP level 6. HP: 42/42 MP: 1/11
  3218 | D:4      | Noticed Dowan
  3220 | D:4      | Noticed Duvessa
  3220 | D:4      | Noticed an ogre
  3270 | D:4      | Noticed conein's ghost (novice HuFi)
  3304 | D:5      | Entered Level 5 of the Dungeon
  3377 | D:5      | HP: 1/42 [ogre/giant spiked club (16)]
  3404 | D:5      | Slain by an ogre

Action                   |  1- 3 |  4- 6 || total
-------------------------+-------+-------++-------
Melee: Falchion          |    81 |   129 ||   210
 Cast: Infusion          |     7 |    11 ||    18
       Shroud of Golubri |     4 |     8 ||    12
       Spectral Weapon   |     2 |     3 ||     5
 Stab: Sleeping          |     1 |       ||     1
       Distracted        |       |     1 ||     1
  Eat: Chunk             |     1 |     7 ||     8
